Map: King Sejong Station LE

Players

Deleuze - Winner!

  • Race: Zerg Zerg
  • League: Diamond

fenix

  • Race: Terran Terran
  • League: Diamond

VOD

Have the link to the VOD?

Description

Time

  • Played on: Nov. 20, 2016, 2:45 p.m.
  • Length: 16:39
Show
View Real Time Build Order
Export as new Build Order

Deleuze Zerg - Winner!

Build Orders: Hatch First 

Get SALT Encoding   

  12  0:01  Drone  
  13  0:13  Overlord  
  13  0:21  Drone  
  13  0:25  Extractor, Drone  
  15  0:32  Drone  
  16  0:35  Drone  
  17  1:01  Hatchery, Drone  
  17  1:04  Drone  
  17  1:06  Extractor  
  17  1:21  Spawning Pool  
  16  1:32  Drone x3  
  19  1:43  Overlord  
  19  1:54  Drone  
  20  2:14  Queen x2  
  24  2:19  Metabolic Boost  
  24  2:23  Zergling x2  
  24  2:24  Zergling x2  
  26  2:30  Drone  
  26  2:31  Drone  
  26  2:34  Drone  
  29  2:40  Drone  
  30  2:51  Queen x2  
  34  2:59  Overlord  
  34  3:05  Drone x2  
  36  3:18  Hatchery  
  36  3:19  Drone  
  36  3:42  Extractor  
  36  3:47  Roach Warren  
  34  3:49  Drone  
  34  3:50  Overlord, Drone x3  
  34  3:54  Extractor  
  37  4:06  Zergling x8  
  37  4:07  Zergling x2, Drone  
  37  4:08  Drone x3  
  37  4:09  Zergling x2, Drone  
  46  4:29  Roach x3  
  46  4:30  Roach  
  54  4:36  Evolution Chamber  
  53  4:38  Drone  
  53  4:39  Evolution Chamber  
  53  4:43  Drone x2  
  53  4:45  Queen  
  57  4:56  Drone  
  57  4:57  Overlord  
  57  4:58  Overlord  
  58  5:04  Zerg Missile Weapons Level 1  
  58  5:16  Drone x3  
  61  5:22  Lair  
  61  5:23  Drone x2  
  61  5:24  Drone  
  62  5:39  Drone x6  
  62  5:40  Drone  
  69  5:51  Zerg Ground Armor Level 1  
  69  5:53  Roach x2  
  69  5:54  Overlord  
  73  6:11  Extractor  
  72  6:12  Extractor  
  72  6:17  Drone x10  
  81  6:39  Spine Crawler  
  78  6:48  Overlord x2  
  68  7:01  Drone  
  68  7:02  Drone x5  
  68  7:08  Spore Crawler  
  72  7:12  Ravager x4  
  72  7:13  Roach  
  72  7:14  Roach x5, Overlord x3  
  72  7:15  Overlord  
  88  7:20  Extractor  
  87  7:27  Queen  
  89  7:30  Overlord x2  
  89  7:31  Overlord  
  89  7:32  Queen  
  91  7:40  Roach  
  91  7:41  Roach x2  
  97  7:45  Glial Reconstitution  
  97  7:48  Burrow  
  97  7:53  Extractor  
  97  7:55  Hatchery  
  97  7:57  Extractor  
  94  7:59  Roach  
  94  8:01  Roach  
  94  8:02  Roach x2  
  94  8:04  Overlord  
  94  8:05  Infestation Pit  
  101  8:23  Roach x5  
  98  8:37  Roach x8  
  98  8:38  Roach  
  103  8:50  Roach x4  
  103  8:51  Roach  
  103  9:13  Roach x6  
  103  9:15  Ravager x7  
  103  9:16  Ravager  
  123  9:33  Drone  
  123  9:34  Overlord x3  
  123  9:35  Roach  
  123  9:36  Roach x2  
  123  9:38  Drone x2  
  131  9:43  Hatchery  
  131  9:47  Pathogen Glands  
  131  9:50  Hive  
  128  10:11  Roach  
  128  10:12  Roach x8  
  142  10:46  Roach  
  142  10:47  Roach x8  
  160  10:53  Hatchery  
  160  10:55  Zerg Missile Weapons Level 2  
  160  10:56  Zerg Ground Armor Level 2  
  155  11:13  Roach  
  155  11:14  Roach x5  
  167  11:24  Drone  
  167  11:25  Overlord  
  168  11:30  Adrenal Glands  
  168  11:37  Ultralisk Cavern  
  167  11:42  Queen  
  169  11:52  Overlord x3  
  169  11:53  Roach, Overlord x2  
  175  11:54  Roach x2  
  115  12:39  Zergling x22  
  115  12:43  Roach x7  
  115  12:44  Roach x7  
  141  13:03  Chitinous Plating  
  139  13:12  Drone x4  
  143  13:13  Drone x4  
  147  13:20  Ravager x2  
  147  13:21  Ravager x17  
  166  13:33  Zerg Missile Weapons Level 3  
  160  13:34  Zerg Melee Weapons Level 1  
  160  13:47  Roach  
  160  13:48  Roach x9  
  169  14:30  Hatchery, Extractor  
  167  14:33  Extractor  
  167  14:35  Ultralisk  
  167  14:37  Overlord x3  
  167  14:38  Overlord x3  
  171  14:58  Ultralisk x2  
  170  15:12  Zergling x6  
  170  15:13  Zergling x12  
  165  15:40  Hatchery  
  164  15:46  Zergling x2  
  164  15:47  Zergling x10  
Show
View Real Time Build Order
Export as new Build Order

fenix Terran 

Build Orders: MMM Bio 

Get SALT Encoding   

  12  0:01  SCV  
  13  0:13  SCV  
  14  0:17  Supply Depot  
  14  0:25  SCV  
  15  0:39  SCV  
  15  0:40  Barracks  
  16  0:45  Refinery  
  16  1:04  SCV  
  17  1:16  SCV  
  18  1:28  Marine  
  18  1:29  SCV  
  20  1:41  Orbital Command  
  20  1:47  Barracks Reactor  
  20  1:51  Command Center  
  20  1:58  Supply Depot  
  20  2:06  SCV  
  21  2:17  Barracks  
  21  2:18  SCV  
  22  2:30  SCV  
  22  2:34  Factory  
  22  2:35  Marine  
  24  2:37  Marine  
  25  2:46  SCV  
  25  2:56  Marine, Refinery  
  25  2:57  Marine  
  27  2:59  SCV  
  27  3:04  Barracks Tech Lab  
  28  3:07  Orbital Command  
  28  3:16  SCV  
  28  3:17  Marine x2  
  31  3:25  Marine, Factory Reactor  
  32  3:28  Starport  
  32  3:33  SCV  
  32  3:34  SCV  
  34  3:46  Supply Depot, SCV  
  34  3:47  Marine x2, SCV  
  38  3:50  Marine  
  36  4:09  SCV x2  
  38  4:10  Marine x2  
  38  4:11  Marine  
  38  4:15  Stimpack  
  41  4:25  SCV x2  
  41  4:26  Medivac x2  
  41  4:28  Marine x2  
  41  4:30  Marine  
  50  4:34  Barracks  
  50  4:46  SCV  
  50  4:47  SCV  
  52  4:54  Marine, Engineering Bay  
  52  4:55  Marine x2  
  54  5:01  Engineering Bay  
  54  5:09  Supply Depot  
  54  5:12  Supply Depot  
  54  5:16  Supply Depot  
  54  5:20  Marine, SCV x2  
  57  5:22  Terran Infantry Armor Level 1  
  57  5:27  Terran Infantry Weapons Level 1  
  57  5:28  Marine x3  
  57  5:32  SCV  
  60  5:38  Marine  
  60  5:41  SCV  
  62  5:45  SCV  
  62  5:46  Marine, Barracks Reactor  
  64  5:51  Command Center  
  64  5:54  Supply Depot  
  64  6:00  Marine x2, SCV x2  
  64  6:04  Marine  
  68  6:05  Medivac  
  68  6:09  Medivac  
  73  6:15  Armory  
  73  6:18  Marine  
  73  6:24  SCV x2  
  76  6:36  SCV  
  77  6:40  Marine  
  77  6:41  Marine x4  
  76  6:58  Marine  
  76  7:00  Marine x3  
  76  7:01  Marine  
  78  7:06  Medivac x2, SCV  
  78  7:07  SCV  
  85  7:09  Orbital Command  
  85  7:13  Refinery  
  84  7:16  Marine  
  84  7:18  Marine x3  
  84  7:19  SCV x2  
  84  7:20  Marine  
  91  7:26  Terran Infantry Weapons Level 2  
  91  7:29  Barracks  
  91  7:30  Barracks  
  91  7:34  Marine  
  92  7:44  Marine  
  92  7:45  Marine x3  
  92  7:46  Medivac x2  
  100  8:00  SCV x2  
  102  8:06  Marine x4  
  102  8:07  Marine  
  102  8:10  Terran Infantry Armor Level 2  
  107  8:14  SCV x2  
  109  8:24  Marine  
  79  8:43  Marine  
  79  8:44  Marine x6  
  79  8:46  Orbital Command  
  85  8:55  Medivac x2  
  88  8:56  SCV x2  
  88  9:01  Marine x3  
  88  9:02  Marine x2  
  92  9:07  Marine x2  
  92  9:08  SCV  
  95  9:10  SCV  
  96  9:19  Marine x4  
  96  9:20  SCV  
  101  9:32  Supply Depot  
  101  9:33  Command Center  
  101  9:34  SCV  
  101  9:35  Marine, Barracks, SCV x2  
  101  9:36  Supply Depot, Barracks  
  101  9:37  Supply Depot, Medivac  
  101  9:38  Marine, Barracks Reactor  
  109  9:39  Marine  
  109  9:40  Barracks, Barracks Reactor  
  109  9:43  Supply Depot  
  109  9:47  Marine x2, Widow Mine, SCV  
  109  9:48  Medivac  
  116  9:53  Marine  
  117  10:00  Marine x2  
  114  10:10  Marine  
  114  10:11  Marine x2  
  116  10:20  Marine x2  
  118  10:23  Combat Shields  
  116  10:35  Marine  
  116  10:36  Marine x6  
  116  10:38  Marine  
  124  10:44  Marine  
  123  10:53  Marine x3  
  123  10:54  Marine x4  
  123  10:55  Marine  
  126  11:01  Orbital Command  
  126  11:02  Marine  
  124  11:12  Marine x2  
  124  11:13  Marine x2  
  127  11:20  Marine x2  
  127  11:21  Terran Infantry Weapons Level 3, Terran Infantry Armor Level 3  
  127  11:22  SCV x2  
  127  11:24  Orbital Command  
  131  11:31  Marine x6  
  131  11:32  Marine, Medivac x2  
  142  11:36  SCV x2  
  142  11:37  SCV  
  145  11:42  Marine x2  
  142  11:48  Marine  
  142  11:49  Marine  
  142  11:51  Marine  
  142  11:52  Marine x4  
  148  11:58  Orbital Command  
  148  12:06  Marine x4  
  148  12:07  Medivac x2  
  105  12:39  Marine x9  
  111  12:56  Marine  
  111  12:57  Marine x4  
  115  13:06  Marine x3  
  115  13:07  Marine  
  119  13:14  Marine x2, SCV x4  
  119  13:15  Marine x3  
  128  13:23  Medivac x2  
  128  13:24  Marine x4  
  136  13:27  Orbital Command  
  136  13:32  Marine x2  
  136  13:33  Marine  
  136  13:40  Marine x2  
  130  13:42  Marine x4  
  123  13:58  SCV x4  
  123  14:01  Marine x2  
  123  14:02  Marine x2  
  131  14:09  Supply Depot  
  131  14:12  Supply Depot  
  131  14:13  SCV x4  
  134  14:25  SCV  
  99  15:14  Marine  
  99  15:15  Marine x8  
  99  15:16  Medivac x2  
  112  15:24  Command Center  
  112  15:27  Command Center  
  112  15:29  Factory Tech Lab  
  112  15:32  Marine  
  112  15:33  Marine x8  
  112  15:34  SCV x2  
  112  15:35  SCV  
  117  16:16  Marine x9  
  126  16:24  SCV  
  126  16:25  SCV x2  
Tags
 
Add a new tag
Caveats
  • Supply blocks, unpowered buildings, or Contaminate may cause inaccurate times.
  • Supply counts are checked every 10 seconds.